[Event "Thursday Night Engine Tour 7rd Swiss 12m+1s Starts at 2200hrs ST"]
[Site "Infinity Chess"]
[Date "2018.4.5"]
[Round "5"]
[White "beka"]
[Black "ocirema"]
[Result "1/2-1/2"]
[ECO "A06"]
[WhiteElo "2358"]
[BlackElo "2416"]
[WhiteEngine "stockfish_18032408_32bit"]
[BlackEngine "asmFishW_2018-04-01_popcnt_CTG"]
[EventType "Swiss"]
[WhiteTeam ""]
[BlackTeam ""]
[PlyCount "55"]
[TimeControl "720+1"]

1. Nf3 d5 2. d4 Nf6 3. c4 e6 4. g3 Bb4+ 5. Bd2 Be7 6. Bg2 O-O 7. O-O c6 
8. Qc2 b6 9. Bf4 Ba6 10. cxd5 cxd5 11. Rc1 Bb7 12. Qc7 Ba6 13. Ne5 Ne4 14. a4 g5 
15. Be3 Nd6 16. Qxd8 Rxd8 17. Nc3 Kf8 18. Bh3 f6 19. Bxe6 fxe5 20. dxe5 d4 
21. Bxd4 Ne4 22. Nb5 Bxb5 23. axb5 Rxd4 24. Rc8+ Kg7 25. Rc7 Kf8 26. Rc8+ Kg7 
27. Rc7 Kf8 28. Rc8+ 1/2-1/2

[Event "Thursday Night Engine Tour 7rd Swiss 12m+1s Starts at 2200hrs ST"]
[Site "Infinity Chess"]
[Date "2018.4.5"]
[Round "5"]
[White "SkyPilot"]
[Black "Thinker"]
[Result "1-0 "]
[ECO "C53"]
[WhiteElo "2454"]
[BlackElo "2438"]
[WhiteEngine "stockfish_x64_bmi2_2018_03_30_CTG"]
[BlackEngine "BrainFish_180329_x64_modern_CTG"]
[EventType "Swiss"]
[WhiteTeam ""]
[BlackTeam ""]
[PlyCount "126"]
[TimeControl "720+1"]

1. e4 e5 2. Nf3 Nc6 3. Bc4 Bc5 4. c3 Nf6 5. d3 O-O 6. O-O d6 7. h3 a5 8. Nbd2 h6 
9. Re1 Bb6 10. a4 Be6 11. Bxe6 fxe6 12. Nc4 Bc5 13. Be3 Bxe3 14. Rxe3 Nd7 
15. Ncd2 Qf6 16. Qb3 Nc5 17. Qc4 Qf7 18. Rc1 Kh8 19. Rf1 Kg8 20. b3 Ra6 
21. d4 Nd7 22. Qb5 Rb6 23. Qd3 Qe7 24. Qe2 exd4 25. Nxd4 Nxd4 26. cxd4 Rb4 
27. Nc4 e5 28. d5 Ra8 29. Nxa5 Nc5 30. Qe1 Rd4 31. Nc4 Nxb3 32. Rxb3 Rxc4 
33. a5 Rc5 34. Rxb7 Raxa5 35. Qb1 Ra4 36. Rb8+ Kh7 37. Rc8 Qd7 38. Qb8 Rxe4 
39. Rh8+ Kg6 40. Qg8 Rf4 41. Qh7+ Kh5 42. Rg8 Rf7 43. Qd3 c6 44. dxc6 Rxc6 
45. Rb1 Rf4 46. g3 Rf7 47. g4+ Kg5 48. Kg2 Kh4 49. Rb2 Rf4 50. Qg6 Qf7 
51. Rxg7 Qxg6 52. Rxg6 Rf7 53. Rxh6+ Kg5 54. Rh8 Rc3 55. Rb6 Rc2 56. Rh5+ Kg6 
57. Rxd6+ Kg7 58. Rxe5 Rcxf2+ 59. Kg3 R7f3+ 60. Kh4 Rh2 61. Re7+ Kf8 
62. Ra7 Rhxh3+ 63. Kg5 Kg8 1-0

[Event "Thursday Night Engine Tour 7rd Swiss 12m+1s Starts at 2200hrs ST"]
[Site "Infinity Chess"]
[Date "2018.4.5"]
[Round "5"]
[White "MrScience"]
[Black "Macho"]
[Result "1/2-1/2"]
[ECO "D02"]
[WhiteElo "2448"]
[BlackElo "2462"]
[WhiteEngine "cfish"]
[BlackEngine "asmFishW_2018-04-01_popcnt_CTG"]
[EventType "Swiss"]
[WhiteTeam ""]
[BlackTeam ""]
[PlyCount "86"]
[TimeControl "720+1"]

1. d4 d5 2. Nf3 Nf6 3. c4 e6 4. g3 Bb4+ 5. Bd2 Be7 6. Bg2 O-O 7. Qc2 a5 
8. O-O h6 9. Bf4 Nbd7 10. cxd5 Nxd5 11. Nc3 Nxf4 12. gxf4 c5 13. Rad1 Qc7 
14. e3 cxd4 15. Rxd4 e5 16. Nxe5 Nxe5 17. fxe5 Qxe5 18. Nd5 Bd8 19. f4 Qe8 
20. f5 Bg5 21. Qf2 Qe5 22. f6 Be6 23. h4 Bxf6 24. Nxf6+ Qxf6 25. Qxf6 gxf6 
26. Rxf6 Rfc8 27. Rxh6 Rc2 28. Rh5 Rxb2 29. Rg5+ Kh7 30. Rf4 Rxa2 31. Be4+ f5 
32. Bxf5+ Bxf5 33. Rfxf5 a4 34. e4 Kh6 35. e5 a3 36. Rf7 Rc2 37. e6 a2 
38. Rf6+ Kh7 39. Rf7+ Kh8 40. Rh5+ Kg8 41. Rg5+ Kh8 42. Rh5+ Kg8 43. Rg5+ Kh8 
1/2-1/2

[Event "Thursday Night Engine Tour 7rd Swiss 12m+1s Starts at 2200hrs ST"]
[Site "Infinity Chess"]
[Date "2018.4.5"]
[Round "5"]
[White "OlivierEvan"]
[Black "KRAKEN"]
[Result "1/2-1/2"]
[ECO "A05"]
[WhiteElo "2478"]
[BlackElo "2481"]
[WhiteEngine "Houdini 6"]
[BlackEngine "Raubfisch X38a_CTG"]
[EventType "Swiss"]
[WhiteTeam ""]
[BlackTeam ""]
[PlyCount "134"]
[TimeControl "720+1"]

1. Nf3 Nf6 2. b3 d5 3. Bb2 e6 4. e3 Be7 5. Bb5+ Nbd7 6. O-O a6 7. Be2 b6 
8. d4 O-O 9. Nbd2 Bb7 10. Bd3 c5 11. c4 h6 12. h3 cxd4 13. exd4 Ne4 14. Qe2 Nxd2 
15. Nxd2 a5 16. Rac1 Bd6 17. Rfe1 Qe7 18. Bb1 Rfc8 19. Nf3 Rc7 20. Qd3 Nf8 
21. Qe3 a4 22. Bd3 Rac8 23. Re2 a3 24. Ba1 Ng6 25. g3 Qf6 26. Ne5 Ne7 
27. Ng4 Qg5 28. Rec2 Nf5 29. Qxg5 hxg5 30. Kf1 f6 31. Ke2 dxc4 32. bxc4 Ba6 
33. Ne3 Nxe3 34. Kxe3 Kf7 35. Kd2 Rc6 36. Rb1 Bf8 37. Rb3 Be7 38. Rcc3 Rd8 
39. Rc1 Bd6 40. Rcc3 Rd7 41. Rc1 Be7 42. Rc2 Rd8 43. Rc1 Bd6 44. Rc2 Bf8 
45. Kd1 Rdc8 46. Kd2 Ke8 47. Rcc3 Bxc4 48. Bxc4 Rxc4 49. Rxc4 Rxc4 50. Rxb6 Bb4+ 
51. Kd1 Kf7 52. Rb7+ Kg6 53. Ra7 Bf8 54. Kd2 Bb4+ 55. Kd1 f5 56. d5 Re4 
57. Rxg7+ Kh6 58. Bf6 exd5 59. Rg8 g4 60. hxg4 fxg4 61. Bg5+ Kh7 62. Rd8 Re1+ 
63. Kc2 Re2+ 64. Kb3 Be1 65. Rxd5 Bxf2 66. Bf4 Bxg3 67. Rh5+ Kg6 1/2-1/2

[Event "Thursday Night Engine Tour 7rd Swiss 12m+1s Starts at 2200hrs ST"]
[Site "Infinity Chess"]
[Date "2018.4.5"]
[Round "5"]
[White "Deep_Impact"]
[Black "MarioDeMonti"]
[Result "1/2-1/2"]
[ECO "C44"]
[WhiteElo "2475"]
[BlackElo "2495"]
[WhiteEngine "BrainFish_180404_x64_bmi2"]
[BlackEngine "stockfish_x64_bmi2_2018_02_18_CTG"]
[EventType "Swiss"]
[WhiteTeam ""]
[BlackTeam ""]
[PlyCount "81"]
[TimeControl "720+1"]

1. e4 e5 2. Nf3 Nc6 3. d4 exd4 4. c3 d5 5. exd5 Qxd5 6. cxd4 Bb4+ 7. Nc3 Nf6 
8. Bd3 O-O 9. Be3 Qh5 10. O-O Bd6 11. Nb5 Bg4 12. Nxd6 cxd6 13. Rc1 Nd5 
14. h3 Bxf3 15. Qxf3 Qxf3 16. gxf3 g6 17. Rfe1 Rac8 18. Kg2 Kg7 19. Bc4 Nb6 
20. Bf1 Nb4 21. Rxc8 Rxc8 22. Bf4 Rc6 23. Bg3 N6d5 24. Re8 g5 25. Rd8 Nf4+ 
26. Bxf4 gxf4 27. Rd7 Nc2 28. h4 Ne1+ 29. Kh3 h5 30. b3 Rc2 31. Bc4 Rxf2 
32. Rxf7+ Kg6 33. Bd5 Nxf3 34. Rxf4 Ng1+ 35. Kg3 Rxa2 36. Re4 Kf5 37. Bxb7 Ne2+ 
38. Kf3 Ng1+ 39. Kg3 Ne2+ 40. Kf3 Ng1+ 41. Kg3 1/2-1/2

[Event "Thursday Night Engine Tour 7rd Swiss 12m+1s Starts at 2200hrs ST"]
[Site "Infinity Chess"]
[Date "2018.4.5"]
[Round "5"]
[White "THE_MACHINE"]
[Black "Murx"]
[Result "1/2-1/2"]
[ECO "C42"]
[WhiteElo "2483"]
[BlackElo "2510"]
[WhiteEngine "BrainFish_180404_x64_bmi2"]
[BlackEngine "BrainFish_180404_x64_modern"]
[EventType "Swiss"]
[WhiteTeam ""]
[BlackTeam ""]
[PlyCount "158"]
[TimeControl "720+1"]

1. e4 e5 2. Nf3 Nf6 3. Nxe5 d6 4. Nf3 Nxe4 5. d4 d5 6. Bd3 Nc6 7. O-O Be7 
8. Nbd2 Bf5 9. Re1 Nxd2 10. Qxd2 Bxd3 11. Qxd3 O-O 12. c3 h6 13. Bf4 Bd6 
14. Bxd6 Qxd6 15. Re3 Rfe8 16. Rae1 Rxe3 17. Rxe3 Qd7 18. h3 a5 19. g4 b6 
20. Qe2 Kf8 21. g5 Re8 22. gxh6 gxh6 23. Nh4 Rxe3 24. Qxe3 Qd6 25. Qg3 Qxg3+ 
26. fxg3 Ne7 27. Kf2 Kg7 28. Kf3 f5 29. Ng2 c6 30. Ne1 a4 31. Ke2 Kf7 
32. Nd3 Ng6 33. Nb4 Ne7 34. Nd3 Ng6 35. Nb4 Ne7 36. Kd2 Ke6 37. Ke3 Kd7 
38. Kf4 Ke6 39. Nd3 Ng6+ 40. Kf3 Kf7 41. Kf2 Ke6 42. Kf3 Kf7 43. Nb4 Ne7 
44. Ke3 Kf6 45. Kf3 Ke6 46. h4 Kf6 47. Na6 Ke6 48. Nb4 Kf6 49. Na6 Ke6 
50. Nc7+ Kf7 51. a3 Kf6 52. Ne8+ Kf7 53. Nc7 Kf6 54. Na6 Ke6 55. Nc7+ Kd6 
56. Na8 Nc8 57. Kf4 Ke6 58. Nc7+ Kf6 59. Na6 Nd6 60. Nb4 Nc4 61. Nxc6 Nxb2 
62. Na7 Nc4 63. Nb5 h5 64. Nc7 Kf7 65. Nxd5 Ke6 66. Nb4 Nxa3 67. Kg5 Nb5 
68. Kxh5 Nxc3 69. Kg6 Nd5 70. h5 f4 71. Nxd5 Kxd5 72. gxf4 a3 73. h6 a2 
74. h7 a1=Q 75. h8=Q Qg1+ 76. Kf5 Qxd4 77. Qh1+ Kc4 78. Qc1+ Kb5 79. Qb1+ Kc4 
1/2-1/2

[Event "Thursday Night Engine Tour 7rd Swiss 12m+1s Starts at 2200hrs ST"]
[Site "Infinity Chess"]
[Date "2018.4.5"]
[Round "4"]
[White "fati64"]
[Black "MCDermont"]
[Result "1/2-1/2"]
[ECO "C11"]
[WhiteElo "2427"]
[BlackElo "2513"]
[WhiteEngine "BrainFish_180404_x64"]
[BlackEngine "BrainFish 010418 WM_CTG"]
[EventType "Swiss"]
[WhiteTeam ""]
[BlackTeam ""]
[PlyCount "83"]
[TimeControl "720+1"]

1. e4 e6 2. d4 d5 3. Nc3 Nf6 4. e5 Nfd7 5. f4 c5 6. Nf3 Nc6 7. Be3 cxd4 
8. Nxd4 Qb6 9. Qd2 Qxb2 10. Rb1 Qa3 11. Bb5 Nxd4 12. Bxd4 a6 13. Rb3 Qe7 
14. Ba4 g6 15. O-O Bg7 16. Bxd7+ Qxd7 17. Bc5 b5 18. Qd4 Qc7 19. a4 Bd7 
20. axb5 Rc8 21. Bb4 axb5 22. Ra1 Qc4 23. Qxc4 bxc4 24. Rbb1 Rb8 25. Bd6 Rxb1+ 
26. Rxb1 Bc6 27. Ne2 Kd7 28. Nd4 Bf8 29. Bxf8 Rxf8 30. Rb6 Ba8 31. Kf2 Rd8 
32. c3 Kc7 33. Ra6 Kb7 34. Rc6 Kb8 35. Rb6+ Kc7 36. Ra6 Rb8 37. Ke3 h5 
38. g3 Kb7 39. Rd6 Kc7 40. Ra6 Kb7 41. Rd6 Kc7 42. Ra6 1/2-1/2

[Event "Thursday Night Engine Tour 7rd Swiss 12m+1s Starts at 2200hrs ST"]
[Site "Infinity Chess"]
[Date "2018.4.5"]
[Round "4"]
[White "Seliga"]
[Black "star99"]
[Result "1/2-1/2"]
[ECO "B23"]
[WhiteElo "2439"]
[BlackElo "2371"]
[WhiteEngine "SF9 ''M24''_CTG"]
[BlackEngine "Cryptic Heroes 9.3B"]
[EventType "Swiss"]
[WhiteTeam ""]
[BlackTeam ""]
[PlyCount "102"]
[TimeControl "720+1"]

1. e4 c5 2. Nc3 d6 3. Nge2 Nf6 4. d4 cxd4 5. Nxd4 Nc6 6. Bg5 e6 7. Qd2 Be7 
8. O-O-O O-O 9. Ndb5 h6 10. Bxf6 Bxf6 11. Nxd6 Qc7 12. f4 Rd8 13. h4 e5 
14. f5 a6 15. Bc4 Nd4 16. Nxc8 Raxc8 17. Bd3 Qb6 18. Rh3 Rd6 19. Rdh1 Qa5 
20. g4 Be7 21. Kd1 Bf8 22. Nd5 Qxa2 23. c3 Nb5 24. g5 Nc7 25. Nxc7 Rxc7 
26. Ke2 a5 27. Rg3 Kh7 28. Qc2 Rb6 29. Rb1 a4 30. Kf2 Rd7 31. Kg2 Kg8 
32. Kh3 Be7 33. Kg4 Rd8 34. Kh3 g6 35. Qe2 a3 36. b3 Qxe2 37. Bxe2 gxf5 
38. exf5 hxg5 39. hxg5 Rd2 40. Bc4 e4 41. g6 Rf6 42. gxf7+ Kh7 43. Kg4 Rf2 
44. Rh3+ Rh6 45. Rxh6+ Kxh6 46. b4 Bd6 47. Rd1 Rg2+ 48. Kh3 Rh2+ 49. Kg4 Rg2+ 
50. Kh3 Rh2+ 51. Kg4 Rg2+ 1/2-1/2

[Event "Thursday Night Engine Tour 7rd Swiss 12m+1s Starts at 2200hrs ST"]
[Site "Infinity Chess"]
[Date "2018.4.5"]
[Round "4"]
[White "RonWeasley"]
[Black "beka"]
[Result "1/2-1/2 "]
[ECO "D30"]
[WhiteElo "2490"]
[BlackElo "2353"]
[WhiteEngine "BrainFish 010418 WM_CTG"]
[BlackEngine "stockfish_18032408_32bit"]
[EventType "Swiss"]
[WhiteTeam ""]
[BlackTeam ""]
[PlyCount "136"]
[TimeControl "720+1"]

1. d4 d5 2. c4 e6 3. Nf3 Nf6 4. Nc3 c6 5. Bg5 h6 6. Bxf6 Qxf6 7. e3 Nd7 
8. Be2 g6 9. O-O Bg7 10. e4 dxe4 11. Nxe4 Qf4 12. Qc2 f5 13. Ned2 c5 14. g3 Qd6 
15. Nh4 Kf7 16. d5 e5 17. Rae1 h5 18. Kg2 Nf6 19. b4 b6 20. bxc5 bxc5 
21. Ndf3 Nh7 22. Bd3 Re8 23. Nxf5 gxf5 24. Bxf5 Bxf5 25. Qxf5+ Kg8 26. Qxh5 e4 
27. Nd2 Nf6 28. Qg5 Qe5 29. Qxe5 Rxe5 30. Re2 Rb8 31. Rfe1 e3 32. Rxe3 Rxe3 
33. Rxe3 Rb2 34. Nb3 Bf8 35. Re6 Nd7 36. Rc6 Ne5 37. Rc8 Nxc4 38. Nxc5 Rc2 
39. Rd8 Kf7 40. Ne4 Be7 41. Rd7 Rxa2 42. Nc3 Rd2 43. Rxa7 Ne3+ 44. Kg1 Ng4 
45. Ne4 Rxd5 46. Kg2 Nf6 47. Nxf6 Kxf6 48. Ra6+ Ke5 49. h4 Rd2 50. Ra5+ Kf6 
51. Ra6+ Kf5 52. Ra5+ Kg6 53. Kf3 Bb4 54. Ra6+ Kh5 55. Kg2 Rd5 56. Kh3 Rd3 
57. Kg2 Be1 58. Rc6 Rd4 59. Kf3 Bd2 60. Ra6 Bc1 61. Ra5+ Kg6 62. Ra6+ Kf5 
63. g4+ Ke5 64. Ra5+ Kf6 65. g5+ Kg7 66. Ra7+ Kf8 67. Rc7 Bd2 68. Rc8+ Kf7 
1/2-1/2

[Event "Thursday Night Engine Tour 7rd Swiss 12m+1s Starts at 2200hrs ST"]
[Site "Infinity Chess"]
[Date "2018.4.5"]
[Round "4"]
[White "Thinker"]
[Black "Dovahkiin"]
[Result "1/2-1/2"]
[ECO "B90"]
[WhiteElo "2441"]
[BlackElo "2378"]
[WhiteEngine "BrainFish_180329_x64_modern_CTG"]
[BlackEngine "corchess_x64_modern_CTG"]
[EventType "Swiss"]
[WhiteTeam ""]
[BlackTeam ""]
[PlyCount "93"]
[TimeControl "720+1"]

1. e4 c5 2. Nf3 d6 3. d4 cxd4 4. Nxd4 Nf6 5. Nc3 a6 6. Be3 e5 7. Nb3 Be6 
8. h3 Be7 9. f4 Nc6 10. f5 Bxb3 11. axb3 Nb4 12. g3 d5 13. exd5 Qc7 14. d6 Bxd6 
15. Nb5 Nxc2+ 16. Ke2 Qc6 17. Nxd6+ Ke7 18. Rc1 Nxe3 19. Rxc6 Nxd1 20. Nxb7 Rhb8 
21. Rc7+ Kf8 22. Bg2 Nxb2 23. Nd6 e4 24. Rhc1 Rd8 25. Nxf7 Rd3 26. Ng5 Rxg3 
27. Bxe4 Nxe4 28. Nxe4 Re8 29. Rc8 Rxb3 30. Rxe8+ Kxe8 31. Rc8+ Kd7 32. Rg8 Kc6 
33. Rxg7 Nc4 34. Kf2 Kd5 35. Re7 Nd6 36. Nxd6 Kxd6 37. Re6+ Kd7 38. h4 a5 
39. Ra6 Rb5 40. f6 Ke8 41. Kg3 Kf7 42. Kf3 h5 43. Kf4 Kg6 44. Ke3 Rb4 
45. f7+ Kxf7 46. Rxa5 Rxh4 47. Ra7+ 1/2-1/2

[Event "Thursday Night Engine Tour 7rd Swiss 12m+1s Starts at 2200hrs ST"]
[Site "Infinity Chess"]
[Date "2018.4.5"]
[Round "4"]
[White "ocirema"]
[Black "MrScience"]
[Result "1/2-1/2"]
[ECO "C65"]
[WhiteElo "2415"]
[BlackElo "2449"]
[WhiteEngine "asmFishW_2018-04-01_popcnt_CTG"]
[BlackEngine "cfish"]
[EventType "Swiss"]
[WhiteTeam ""]
[BlackTeam ""]
[PlyCount "96"]
[TimeControl "720+1"]

1. e4 e5 2. Nf3 Nc6 3. Bb5 Nf6 4. O-O Nxe4 5. d4 Nd6 6. Bxc6 dxc6 7. dxe5 Nf5 
8. Qxd8+ Kxd8 9. Rd1+ Ke8 10. Nc3 Be7 11. Bg5 Bxg5 12. Nxg5 h6 13. Nf3 Ne7 
14. Nd4 Nf5 15. h3 Nxd4 16. Rxd4 Bf5 17. Rd2 Rd8 18. Rad1 Rxd2 19. Rxd2 g5 
20. Ne2 Ke7 21. f4 Rd8 22. Rxd8 Kxd8 23. fxg5 hxg5 24. Nd4 Be4 25. Kf2 Ke7 
26. b4 b6 27. c3 c5 28. bxc5 bxc5 29. Nf3 f6 30. g3 Ke6 31. exf6 Kxf6 32. a3 Bb7 
33. Nd2 Ke5 34. Ke3 Bc8 35. h4 gxh4 36. gxh4 Kf5 37. Nb3 Kg4 38. Ke4 Kxh4 
39. Kd5 Kg3 40. Kc6 c4 41. Na5 Bh3 42. Kxc7 Kf3 43. Nc6 a6 44. Ne5+ Ke3 
45. Nxc4+ Kd3 46. a4 Kxc4 47. Kb7 Kb3 48. Kxa6 Kxa4 1/2-1/2

[Event "Thursday Night Engine Tour 7rd Swiss 12m+1s Starts at 2200hrs ST"]
[Site "Infinity Chess"]
[Date "2018.4.5"]
[Round "4"]
[White "Macho"]
[Black "SkyPilot"]
[Result "1/2-1/2"]
[ECO "C55"]
[WhiteElo "2462"]
[BlackElo "2454"]
[WhiteEngine "asmFishW_2018-04-01_popcnt_CTG"]
[BlackEngine "stockfish_x64_bmi2_2018_03_30_CTG"]
[EventType "Swiss"]
[WhiteTeam ""]
[BlackTeam ""]
[PlyCount "74"]
[TimeControl "720+1"]

1. e4 e5 2. Nf3 Nc6 3. Bc4 Nf6 4. d3 Bc5 5. O-O d6 6. c3 O-O 7. h3 a5 
8. Nbd2 Be6 9. Bb5 h6 10. Re1 Qb8 11. Nf1 Qa7 12. Re2 a4 13. Ng3 Qa5 
14. Bxc6 bxc6 15. Nh4 Rfe8 16. Re1 d5 17. exd5 Nxd5 18. Nhf5 Qb6 19. Qf3 Nf4 
20. d4 Bf8 21. dxe5 Ng6 22. Qh5 Ra5 23. Nd4 Bc5 24. Qd1 Rd8 25. Bd2 Raa8 
26. Be3 Qxb2 27. Ne4 Bb6 28. Qf3 Nxe5 29. Qg3 Bxd4 30. Bxd4 Ng6 31. Nc5 Bxa2 
32. h4 h5 33. Nd3 Qd2 34. Red1 Qe2 35. Re1 Qd2 36. Red1 Qe2 37. Re1 Qd2 1/2-1/2

[Event "Thursday Night Engine Tour 7rd Swiss 12m+1s Starts at 2200hrs ST"]
[Site "Infinity Chess"]
[Date "2018.4.5"]
[Round "4"]
[White "KRAKEN"]
[Black "THE_MACHINE"]
[Result "1/2-1/2"]
[ECO "D31"]
[WhiteElo "2481"]
[BlackElo "2483"]
[WhiteEngine "Raubfisch X38a_CTG"]
[BlackEngine "BrainFish_180404_x64_bmi2"]
[EventType "Swiss"]
[WhiteTeam ""]
[BlackTeam ""]
[PlyCount "91"]
[TimeControl "720+1"]

1. d4 d5 2. c4 e6 3. Nc3 c6 4. e3 Nf6 5. Nf3 Nbd7 6. Bd3 dxc4 7. Bxc4 b5 
8. Be2 Bb7 9. O-O Be7 10. a3 a5 11. b3 O-O 12. Bb2 b4 13. Na4 c5 14. dxc5 Nxc5 
15. Nxc5 Bxc5 16. Ne5 Qe7 17. axb4 Bxb4 18. Bd3 Ne4 19. Qh5 h6 20. Rfc1 Rac8 
21. Rxc8 Rxc8 22. Nc4 Nc3 23. Qe5 f6 24. Qg3 Rd8 25. Qg6 Qd7 26. Bf1 Be4 
27. Qg4 Bf5 28. Qf3 Qe8 29. h4 Be4 30. Qg3 Bd3 31. Qf3 Be4 32. Qg3 Bd3 
33. Qf3 Bxf1 34. Rxf1 Rd3 35. Bxc3 Rxc3 36. Qb7 Rd3 37. Rc1 Qd8 38. Nb2 Rxb3 
39. Rc8 Bf8 40. Qc6 Rb6 41. Qa8 Qd6 42. Rd8 Qe7 43. Re8 Qd6 44. Rd8 Qe7 
45. Re8 Qd6 46. Rd8 1/2-1/2

[Event "Thursday Night Engine Tour 7rd Swiss 12m+1s Starts at 2200hrs ST"]
[Site "Infinity Chess"]
[Date "2018.4.5"]
[Round "4"]
[White "OlivierEvan"]
[Black "MarioDeMonti"]
[Result "1/2-1/2 "]
[ECO "A05"]
[WhiteElo "2477"]
[BlackElo "2496"]
[WhiteEngine "Houdini 6"]
[BlackEngine "stockfish_x64_bmi2_2018_02_18_CTG"]
[EventType "Swiss"]
[WhiteTeam ""]
[BlackTeam ""]
[PlyCount "90"]
[TimeControl "720+1"]

1. Nf3 Nf6 2. b3 d5 3. Ba3 Bg4 4. Ne5 h5 5. d4 Nbd7 6. Nxd7 Qxd7 7. h3 Bf5 
8. e3 O-O-O 9. Nc3 e6 10. Bb5 c6 11. Bxf8 Rdxf8 12. Bd3 Kb8 13. a4 Qd6 
14. Qc1 h4 15. a5 g5 16. Qa3 Qxa3 17. Rxa3 Ne8 18. Kd2 Nd6 19. Bxf5 Nxf5 
20. Na4 Nd6 21. Nc5 Rd8 22. Ra4 Rhe8 23. c4 dxc4 24. bxc4 e5 25. d5 cxd5 
26. cxd5 Re7 27. Rc1 Rc7 28. Rb4 Ka8 29. a6 b6 30. Nd3 Rxc1 31. Kxc1 Rc8+ 
32. Kb2 f6 33. e4 b5 34. f3 Nc4+ 35. Ka2 Nd6 36. Rb2 Kb8 37. Kb3 Rc4 38. Nf2 Ra4 
39. Ra2 Rxa2 40. Kxa2 Kc7 41. Ka3 Kb6 42. Kb4 Kxa6 43. Kc5 Nb7+ 44. Kc6 b4 
45. Nd3 b3 1/2-1/2

[Event "Thursday Night Engine Tour 7rd Swiss 12m+1s Starts at 2200hrs ST"]
[Site "Infinity Chess"]
[Date "2018.4.5"]
[Round "4"]
[White "Murx"]
[Black "Deep_Impact"]
[Result "1/2-1/2"]
[ECO "C42"]
[WhiteElo "2511"]
[BlackElo "2474"]
[WhiteEngine "BrainFish_180404_x64_modern"]
[BlackEngine "BrainFish_180404_x64_bmi2"]
[EventType "Swiss"]
[WhiteTeam ""]
[BlackTeam ""]
[PlyCount "136"]
[TimeControl "720+1"]

1. e4 e5 2. Nf3 Nf6 3. Nxe5 d6 4. Nf3 Nxe4 5. d4 d5 6. Bd3 Bd6 7. O-O O-O 
8. c4 c6 9. Re1 Bf5 10. Qb3 Na6 11. cxd5 cxd5 12. Nc3 Be6 13. a3 Nc7 14. Be3 f5 
15. Rac1 Kh8 16. Qc2 Rc8 17. Qd1 Bd7 18. Ne5 f4 19. Bd2 Nxf2 20. Kxf2 Qh4+ 
21. Kg1 f3 22. Re3 Bxe5 23. dxe5 f2+ 24. Kh1 Bg4 25. Qa4 d4 26. Re4 dxc3 
27. bxc3 Rcd8 28. Rxg4 Rxd3 29. Rf1 Qh5 30. Rf4 Rxf4 31. Qxf4 Ne6 32. Qxf2 h6 
33. Re1 b6 34. Kg1 Kg8 35. Re2 Rd5 36. Qe1 Rd3 37. Qf1 Qg4 38. Qf2 Qg6 
39. Re3 Rd5 40. h3 Qh5 41. Kh1 Qg5 42. c4 Rd4 43. Rd3 Qxe5 44. Bc3 Rf4 
45. Bxe5 Rxf2 46. Rd7 Rf7 47. Rd6 Re7 48. Bc3 Kf7 49. Kh2 Rc7 50. Be5 Re7 
51. Bc3 Rb7 52. Rc6 Rd7 53. Bb4 Rd1 54. Rd6 Rxd6 55. Bxd6 Nc5 56. Bxc5 bxc5 
57. Kg3 g5 58. Kf3 Ke6 59. Ke4 h5 60. g3 a6 61. a4 a5 62. h4 g4 63. Kd3 Kf5 
64. Ke3 Ke5 65. Kd3 Kf6 66. Ke4 Ke6 67. Kf4 Kf6 68. Ke4 Ke6 1/2-1/2

[Event "Thursday Night Engine Tour 7rd Swiss 12m+1s Starts at 2200hrs ST"]
[Site "Infinity Chess"]
[Date "2018.4.5"]
[Round "3"]
[White "MCDermont"]
[Black "RonWeasley"]
[Result "1/2-1/2"]
[ECO "E20"]
[WhiteElo "2514"]
[BlackElo "2489"]
[WhiteEngine "BrainFish 010418 WM_CTG"]
[BlackEngine "BrainFish 010418 WM_CTG"]
[EventType "Swiss"]
[WhiteTeam ""]
[BlackTeam ""]
[PlyCount "136"]
[TimeControl "720+1"]

1. d4 Nf6 2. c4 e6 3. Nc3 d5 4. Nf3 c6 5. Bg5 h6 6. Bxf6 Qxf6 7. e3 Nd7 
8. Be2 g6 9. O-O Be7 10. Nd2 O-O 11. f4 Qg7 12. Rc1 Rd8 13. Kh1 dxc4 
14. Nxc4 Nb6 15. Ne5 c5 16. Re1 cxd4 17. exd4 Rb8 18. Bf3 Bd7 19. Qb3 Bd6 
20. Qc2 Be8 21. Qf2 h5 22. a3 Qf6 23. g3 Rdc8 24. Rcd1 Rc7 25. Ne4 Qd8 
26. Nc5 Qe7 27. b4 Rbc8 28. d5 Nxd5 29. Nxg6 fxg6 30. Nxe6 Nc3 31. Rd3 Rd7 
32. Ng5 Qg7 33. Qd2 Nb5 34. Bd5+ Kh8 35. Be6 Bxf4 36. gxf4 Rxd3 37. Qxd3 Bc6+ 
38. Kg1 Qb2 39. Bd5 Bxd5 40. Qxd5 Qd4+ 41. Qxd4+ Nxd4 42. Re7 Rc1+ 43. Kf2 Rc2+ 
44. Kg1 Ra2 45. Rxb7 Ra1+ 46. Kf2 Rxa3 47. h3 Ra2+ 48. Ke3 Nf5+ 49. Kf3 Ra3+ 
50. Ke2 Kg8 51. Ke1 Kf8 52. Kf2 h4 53. b5 Ra2+ 54. Ke1 Ke8 55. b6 axb6 
56. Rxb6 Ra1+ 57. Kf2 Ra2+ 58. Ke1 Kd7 59. Nf3 Ra1+ 60. Kd2 Ra2+ 61. Kc1 Ke8 
62. Rxg6 Ke7 63. Ne5 Nd4 64. f5 Ne2+ 65. Kb1 Nc3+ 66. Kc1 Ne2+ 67. Kb1 Nc3+ 
68. Kc1 Ne2+ 1/2-1/2

[Event "Thursday Night Engine Tour 7rd Swiss 12m+1s Starts at 2200hrs ST"]
[Site "Infinity Chess"]
[Date "2018.4.5"]
[Round "3"]
[White "star99"]
[Black "fati64"]
[Result "1/2-1/2"]
[ECO "C58"]
[WhiteElo "2369"]
[BlackElo "2429"]
[WhiteEngine "Cryptic Heroes 9.3B"]
[BlackEngine "BrainFish_180404_x64"]
[EventType "Swiss"]
[WhiteTeam ""]
[BlackTeam ""]
[PlyCount "50"]
[TimeControl "720+1"]

1. e4 e5 2. Nf3 Nc6 3. Bc4 Nf6 4. Ng5 d5 5. exd5 Na5 6. Bb5+ c6 7. dxc6 bxc6 
8. Be2 h6 9. Nh3 Nb7 10. O-O Bc5 11. Nc3 O-O 12. d3 Bf5 13. Kh1 Re8 14. g4 Bd7 
15. f4 Bd4 16. Ne4 exf4 17. Nxf6+ Qxf6 18. Nxf4 Rad8 19. c3 Bb6 20. Bf3 Nc5 
21. d4 Bc8 22. Nh5 Qg6 23. Nf4 Qf6 24. Nh5 Qg6 25. Nf4 Qf6 1/2-1/2

[Event "Thursday Night Engine Tour 7rd Swiss 12m+1s Starts at 2200hrs ST"]
[Site "Infinity Chess"]
[Date "2018.4.5"]
[Round "3"]
[White "beka"]
[Black "Dovahkiin"]
[Result "1/2-1/2"]
[ECO "D30"]
[WhiteElo "2352"]
[BlackElo "2379"]
[WhiteEngine "stockfish_18032408_32bit"]
[BlackEngine "corchess_x64_modern_CTG"]
[EventType "Swiss"]
[WhiteTeam ""]
[BlackTeam ""]
[PlyCount "59"]
[TimeControl "720+1"]

1. d4 d5 2. c4 e6 3. Nf3 Nf6 4. Nc3 c6 5. Bg5 h6 6. Bxf6 Qxf6 7. e3 Nd7 
8. Be2 g6 9. O-O Bg7 10. e4 dxe4 11. Nxe4 Qf4 12. Qc2 f5 13. Ned2 c5 14. g3 Qc7 
15. Nh4 Bxd4 16. Nxg6 Rg8 17. Nh4 Nf6 18. Rad1 f4 19. Ne4 Qe5 20. Rxd4 cxd4 
21. Bd3 Nxe4 22. Bxe4 Rg7 23. Re1 Kf8 24. c5 Qf6 25. Ng6+ Kg8 26. Ne5 Rg5 
27. Nf3 Rg7 28. Ne5 Rg5 29. Nf3 Rg7 30. Ne5 1/2-1/2

[Event "Thursday Night Engine Tour 7rd Swiss 12m+1s Starts at 2200hrs ST"]
[Site "Infinity Chess"]
[Date "2018.4.5"]
[Round "3"]
[White "ocirema"]
[Black "Thinker"]
[Result "1/2-1/2 "]
[ECO "C77"]
[WhiteElo "2414"]
[BlackElo "2442"]
[WhiteEngine "asmFishW_2018-04-01_popcnt_CTG"]
[BlackEngine "BrainFish_180329_x64_modern_CTG"]
[EventType "Swiss"]
[WhiteTeam ""]
[BlackTeam ""]
[PlyCount "179"]
[TimeControl "720+1"]

1. e4 e5 2. Nf3 Nc6 3. Bb5 a6 4. Ba4 Nf6 5. O-O Be7 6. Re1 b5 7. Bb3 O-O 
8. c3 d5 9. exd5 Nxd5 10. Nxe5 Nxe5 11. Rxe5 c6 12. Re1 Bd6 13. d3 Bf5 
14. Qf3 Qf6 15. Nd2 Qg6 16. Bd1 Bxd3 17. Ne4 Bxe4 18. Qxe4 Qxe4 19. Rxe4 Rae8 
20. Rxe8 Rxe8 21. Kf1 Be5 22. Be2 Nb6 23. Bf3 Rc8 24. g3 a5 25. Ke2 g6 
26. Kd3 Bd6 27. Bh6 f5 28. Kc2 Bc5 29. Rd1 Kf7 30. Rd2 a4 31. h4 Nc4 32. Re2 Nb6 
33. Bg5 h5 34. b3 Bf8 35. Rd2 Ke6 36. Re2+ Kf7 37. Re1 Bc5 38. Be3 Bxe3 
39. Rxe3 axb3+ 40. axb3 Rc7 41. Re1 Kf6 42. Bh1 Nc8 43. f4 Nd6 44. Re5 Nb7 
45. b4 Nd8 46. Re8 Rd7 47. Re1 Ra7 48. Kb3 Rd7 49. Kc2 Ra7 50. Kb3 Rd7 
51. Bf3 Rd3 52. Rf1 Rd2 53. Rd1 Rxd1 54. Bxd1 Ke7 55. c4 Ne6 56. c5 Kd7 
57. Kc3 Nc7 58. Bf3 Na6 59. Bg2 Nc7 60. Kb3 Ne6 61. Kc3 Nc7 62. Kb3 Ne6 
63. Kb2 Nd4 64. Bf1 Ne6 65. Kc2 Nd4+ 66. Kd3 Ne6 67. Bg2 Nc7 68. Kc3 Na6 
69. Bf3 Kc7 70. Kb3 Kd7 71. Be2 Nc7 72. Bf3 Na6 73. Kc3 Kc7 74. Be2 Kd8 
75. Kb3 Ke7 76. Bf1 Ke6 77. Bg2 Kd7 78. Bf3 Nc7 79. Kc3 Na6 80. Kb3 Nc7 
81. Kb2 Na6 82. Ka3 Nc7 83. Bg2 Ne6 84. Kb2 Nd4 85. Bf1 Ne6 86. Kc2 Nd4+ 
87. Kd3 Ne6 88. Bh3 Nc7 89. Bg2 Na6 90. Kc3 1/2-1/2